Map: [ESL] Dynasty

Players

Nanami

  • Race: Protoss Protoss
  • Spawn Location: 1:00

Nice - Winner!

  • Race: Protoss Protoss
  • Spawn Location: 7:00

Event: ESL SC2 Masters 2024 Spring (Regional)

VOD

Have the link to the VOD?

Description

Time

  • Played on: April 25, 2024, 8:55 a.m.
  • Length: 11:46

All games in this series

Show
View Real Time Build Order
Export as new Build Order

Nanami Protoss 

Build Orders: Oracle Opening 

Get SALT Encoding   

  12  0:00  Probe  
  13  0:12  Probe  
  14  0:17  Pylon  
  14  0:24  Probe (Chrono Boost)  
  15  0:36  Probe (Chrono Boost)  
  15  0:37  Gateway  
  16  0:44  Probe (Chrono Boost)  
  16  0:45  Assimilator  
  17  0:50  Probe  
  17  0:53  Assimilator  
  18  1:01  Pylon  
  18  1:03  Probe (Chrono Boost)  
  19  1:13  Probe (Chrono Boost)  
  20  1:18  Probe (Chrono Boost)  
  20  1:25  Cybernetics Core  
  21  1:29  Probe  
  22  1:41  Probe  
  22  1:42  Pylon  
  23  1:57  Probe  
  23  2:00  Adept (Chrono Boost)  
  23  2:01  Warp Gate  
  26  2:02  Stargate  
  26  2:21  Stalker (Chrono Boost)  
  28  2:31  Nexus  
  28  2:40  Probe  
  29  2:45  Oracle  
  29  2:50  Shield Battery  
  32  2:53  Probe  
  33  2:59  Robotics Facility  
  33  3:08  Stalker  
  35  3:15  Shield Battery  
  35  3:20  Probe  
  36  3:32  Shield Battery  
  38  3:41  Void Ray (Chrono Boost)  
  35  3:50  Stalker  
  36  4:06  Immortal (Chrono Boost)  
  40  4:17  Pylon  
  40  4:20  Stalker  
  42  4:40  Pylon  
  42  4:41  Pylon  
  42  4:49  Pylon  
  42  4:54  Observer (Chrono Boost)  
  43  5:05  Adept  
  45  5:13  Immortal (Chrono Boost)  
  49  5:35  Observer  
  49  5:37  Stalker  
  49  5:41  Warp Prism (Chrono Boost)  
  53  6:02  Nexus  
  53  6:05  Sentry  
  55  6:17  Immortal (Chrono Boost)  
  59  6:19  Probe  
  60  6:31  Pylon, Probe  
  61  6:35  Phoenix  
  63  6:49  Probe  
  63  6:58  Immortal (Chrono Boost)  
  63  7:01  Probe  
  64  7:13  Probe  
  64  7:14  Probe  
  64  7:25  Probe  
  64  7:26  Probe  
  64  7:27  Immortal (Chrono Boost)  
  65  7:33  Shield Battery  
  64  7:37  Probe  
  64  7:41  Probe  
  66  7:45  Shield Battery  
  67  7:56  Twilight Council  
  66  8:02  Probe  
  66  8:04  Probe  
  66  8:32  Resonating Glaives (Chrono Boost)  
  66  8:46  Gateway  
  66  8:48  Gateway  
  66  9:10  Immortal (Chrono Boost)  
  58  9:47  Immortal (Chrono Boost)  
  58  9:52  Adept  
  62  9:57  Adept  
  64  10:18  Warp Prism  
  64  10:28  Sentry x2  
  67  10:52  Adept x2  
  65  11:20  Adept x2  
Show
View Real Time Build Order
Export as new Build Order

Nice Protoss - Winner!

Build Orders:  

Get SALT Encoding   

  12  0:00  Probe  
  13  0:12  Probe  
  14  0:17  Pylon  
  14  0:24  Probe (Chrono Boost)  
  15  0:35  Probe (Chrono Boost)  
  15  0:36  Gateway  
  16  0:42  Probe  
  16  0:47  Assimilator  
  17  0:55  Probe (Chrono Boost)  
  17  0:56  Assimilator  
  18  1:07  Probe (Chrono Boost), Gateway  
  19  1:14  Probe (Chrono Boost)  
  20  1:21  Probe  
  20  1:24  Cybernetics Core  
  21  1:33  Probe  
  21  1:35  Pylon  
  22  1:45  Probe  
  23  1:59  Warp Gate (Chrono Boost)  
  23  2:01  Stalker  
  23  2:02  Stalker  
  27  2:09  Pylon  
  27  2:14  Robotics Facility  
  27  2:31  Stalker  
  27  2:33  Stalker  
  31  2:39  Gateway  
  31  2:46  Shield Battery  
  31  3:01  Sentry  
  31  3:03  Warp Prism (Chrono Boost)  
  35  3:14  Stalker  
  37  3:31  Observer (Chrono Boost)  
  37  3:33  Pylon  
  38  3:43  Observer  
  37  3:52  Stalker x2  
  37  3:54  Zealot  
  43  4:16  Stalker x2  
  45  4:26  Observer  
  45  4:37  Stalker  
  47  4:46  Observer  
  47  4:55  Pylon  
  47  5:01  Observer  
  47  5:06  Observer  
  47  5:11  Twilight Council  
  47  5:13  Sentry, Probe  
  49  5:18  Pylon  
  49  5:20  Adept x2  
  52  5:40  Blink (Chrono Boost)  
  52  5:48  Observer  
  48  5:50  Stalker  
  48  5:53  Observer  
  50  5:57  Nexus  
  50  5:59  Stalker  
  52  6:04  Observer  
  52  6:12  Pylon, Observer  
  52  6:20  Stalker  
  52  6:25  Pylon  
  54  6:45  Stalker x3  
  58  6:55  Pylon  
  56  7:12  Stalker x3  
  60  7:24  Probe  
  60  7:27  Probe  
  62  7:36  Stalker x2  
  62  7:37  Probe  
  66  7:55  Stalker  
  66  7:56  Probe  
  66  8:08  Probe x2  
  66  8:16  Sentry  
  66  8:17  Sentry  
  70  8:20  Probe x2  
  72  8:27  Stalker  
  72  8:32  Probe x2  
  73  8:44  Probe x2  
  73  8:45  Sentry  
  73  8:46  Pylon  
  77  8:54  Observer  
  77  8:56  Probe  
  78  9:04  Charge (Chrono Boost)  
  78  9:17  Stalker x2  
  78  9:22  Stalker  
  82  9:48  Gateway  
  82  9:50  Gateway  
  82  9:51  Shield Battery  
  82  9:52  Gateway  
  82  9:54  Gateway  
  82  9:55  Adept, Gateway  
  82  9:56  Adept  
  86  10:07  Pylon  
  84  10:14  Stalker  
  81  10:30  Adept x2  
  81  10:56  Stalker x2  
  81  10:57  Stalker x5  
  93  11:10  Pylon, Stalker  
  67  11:25  Zealot  
  67  11:26  Zealot  
  67  11:31  Zealot  
Tags
 
Add a new tag
Caveats
  • Supply blocks, unpowered buildings, or Contaminate may cause inaccurate times.
  • Supply counts are checked every 10 seconds.